Map: Ulrena

Players

Grumm

  • Race: Protoss Protoss
  • League: Gold

Radioactive - Winner!

  • Race: Terran Terran

VOD

Have the link to the VOD?

Description

Time

  • Played on: Feb. 3, 2016, 4:29 p.m.
  • Length: 9:32
Show
View Real Time Build Order
Export as new Build Order

Grumm Protoss 

Build Orders:  

Get SALT Encoding   

  12  0:01  Probe (Chrono Boost)  
  13  0:11  Probe (Chrono Boost)  
  14  0:17  Pylon  
  14  0:24  Probe (Chrono Boost)  
  15  0:36  Gateway  
  15  0:39  Probe (Chrono Boost)  
  16  0:44  Assimilator  
  16  0:49  Probe (Chrono Boost)  
  17  1:00  Probe (Chrono Boost)  
  18  1:09  Gateway  
  18  1:10  Probe (Chrono Boost)  
  19  1:16  Pylon  
  19  1:21  Probe (Chrono Boost)  
  20  1:31  Probe (Chrono Boost)  
  20  1:32  Assimilator  
  21  1:37  Cybernetics Core  
  21  1:42  Probe (Chrono Boost)  
  21  2:06  Nexus  
  21  2:13  Stalker  
  23  2:16  Warp Gate (Chrono Boost)  
  23  2:25  Adept  
  25  2:34  Pylon  
  25  2:36  Probe  
  26  2:58  Stalker, Adept  
  28  3:01  Probe  
  31  3:13  Probe  
  31  3:19  Forge  
  32  3:25  Probe  
  33  3:30  Pylon  
  33  3:35  Pylon  
  33  3:37  Probe  
  34  3:53  Probe  
  35  3:56  Probe  
  36  4:05  Probe  
  36  4:06  Probe  
  38  4:17  Probe  
  39  4:27  Probe  
  39  4:29  Probe (Chrono Boost)  
  41  4:32  Robotics Facility  
  41  4:36  Pylon  
  41  4:39  Probe (Chrono Boost)  
  41  4:41  Probe (Chrono Boost)  
  43  4:47  Assimilator  
  43  4:50  Assimilator, Probe (Chrono Boost), Zealot x2  
  48  4:57  Photon Cannon  
  42  5:15  Photon Cannon  
  42  5:16  Stalker  
  42  5:17  Stalker  
  42  5:30  Photon Cannon  
  39  5:45  Photon Cannon  
  39  5:49  Observer  
  40  6:07  Probe x2 (Chrono Boost)  
  42  6:12  Stalker x2  
  42  6:16  Warp Prism  
  48  6:23  Probe x2 (Chrono Boost)  
  48  6:33  Probe (Chrono Boost)  
  48  6:34  Probe (Chrono Boost)  
  50  6:44  Probe x2 (Chrono Boost)  
  52  6:50  Protoss Ground Weapons Level 1  
  52  6:52  Immortal  
  56  6:54  Adept  
  56  6:55  Probe x2 (Chrono Boost), Zealot  
  62  7:05  Probe x2 (Chrono Boost)  
  64  7:09  Gateway  
  64  7:16  Probe x2 (Chrono Boost)  
  66  7:40  Stalker  
  66  7:54  Zealot  
  46  8:11  Stalker  
  41  8:20  Probe (Chrono Boost)  
  41  8:23  Immortal  
  41  8:26  Pylon  
  46  8:34  Gateway  
  46  8:35  Gateway, Zealot  
  46  8:36  Stalker  
  46  8:37  Stalker  
  43  9:10  Stalker  
  43  9:11  Adept x2  
Show
View Real Time Build Order
Export as new Build Order

Radioactive Terran - Winner!

Build Orders: Banshee Rush 

Get SALT Encoding   

  12  0:00  SCV  
  13  0:13  SCV  
  14  0:17  Supply Depot  
  14  0:25  SCV  
  15  0:39  SCV  
  15  0:41  Barracks  
  16  0:51  SCV  
  17  1:00  Refinery  
  17  1:01  Refinery  
  17  1:07  SCV  
  18  1:19  SCV  
  19  1:29  Marine  
  19  1:30  Supply Depot  
  19  1:31  SCV  
  21  1:45  Orbital Command  
  21  1:50  Reaper  
  22  1:59  Factory  
  22  2:20  SCV  
  23  2:28  Marine  
  24  2:32  SCV  
  25  2:44  SCV  
  25  2:45  Factory Tech Lab  
  25  2:46  Starport  
  25  2:59  SCV  
  25  3:00  Barracks Reactor  
  25  3:03  Siege Tank  
  29  3:11  SCV  
  30  3:23  SCV  
  31  3:33  Supply Depot  
  31  3:38  Command Center  
  30  3:46  SCV  
  31  3:50  Supply Depot  
  31  3:53  Cloaking Field  
  31  3:54  Banshee  
  34  3:58  SCV  
  34  4:00  Marine x2  
  34  4:02  Factory Reactor  
  37  4:08  Barracks  
  37  4:10  SCV  
  38  4:17  Engineering Bay  
  38  4:21  Engineering Bay  
  38  4:22  SCV  
  39  4:29  Marine x2  
  41  4:34  Supply Depot, SCV  
  42  4:46  SCV  
  42  4:50  Banshee  
  42  4:51  Orbital Command  
  46  4:59  SCV  
  47  5:13  Barracks Tech Lab  
  47  5:14  Widow Mine  
  47  5:15  Widow Mine  
  47  5:16  Barracks  
  51  5:27  Marine x2  
  53  5:39  Marauder, Stimpack  
  53  5:42  SCV  
  56  5:54  SCV  
  57  6:01  Orbital Command  
  54  6:07  SCV  
  55  6:12  Orbital Command, Marine x2  
  55  6:14  Marauder  
  59  6:28  Medivac x2  
  59  6:29  Marine  
  59  6:30  Marine  
  65  6:35  Marauder  
  65  6:38  SCV  
  68  6:41  SCV  
  69  6:50  SCV  
  70  6:55  Supply Depot  
  70  6:57  Supply Depot  
  70  6:58  Refinery  
  70  7:12  Refinery  
  70  7:16  Barracks Tech Lab, Marine x3, SCV x2  
  70  7:18  Terran Infantry Weapons Level 1  
  70  7:19  Terran Infantry Armor Level 1  
  70  7:20  Supply Depot  
  75  7:28  SCV  
  75  7:29  Supply Depot  
  76  7:34  Marauder  
  78  7:56  Marauder  
  78  7:58  Medivac x2  
  77  8:13  Siege Tank  
  77  8:14  Marine x2  
  77  8:17  Marauder  
  81  8:32  Marine x2  
  83  8:39  Marauder  
  85  8:43  Supply Depot  
  85  8:45  Siege Tank  
  85  8:50  Marine x2  
  85  8:55  SCV x2  
  89  9:00  Marauder  
  90  9:08  Marine x2  
Tags
 
League
Gold
Matchup
PvT
Replay Pack
sc2 replays 2016
Strategy
Banshee Rush
Add a new tag
Caveats
  • Supply blocks, unpowered buildings, or Contaminate may cause inaccurate times.
  • Supply counts are checked every 10 seconds.